Map: Dasan Station LE

Players

Dreamseeker

  • Race: Terran Terran
  • League: Silver
  • Spawn Location: 12:00

Fropez - Winner!

  • Race: Protoss Protoss
  • League: Gold
  • Spawn Location: 6:00

VOD

Have the link to the VOD?

Description

Time

  • Played on: Sept. 9, 2016, 11:51 a.m.
  • Length: 8:51
Show
View Real Time Build Order
Export as new Build Order

Dreamseeker Terran 

Build Orders:  

Get SALT Encoding   

  12  0:02  SCV  
  13  0:14  SCV  
  14  0:21  Supply Depot  
  14  0:26  SCV  
  15  0:43  SCV, Barracks  
  16  0:51  Refinery  
  16  0:55  SCV  
  17  1:07  SCV  
  18  1:19  SCV  
  19  1:31  SCV, Supply Depot  
  20  1:40  Command Center  
  20  1:45  Marine  
  21  1:57  Factory  
  21  2:11  Barracks Reactor  
  21  2:48  Marine x2  
  24  2:51  SCV  
  24  3:03  SCV  
  25  3:15  Starport, Barracks  
  25  3:16  Orbital Command, Barracks  
  25  3:18  SCV  
  26  3:27  Marine x2  
  26  3:30  SCV  
  29  3:42  SCV  
  29  3:43  SCV  
  31  3:54  Marine x2, SCV  
  31  3:55  SCV  
  35  3:58  Factory Reactor  
  35  3:59  Medivac  
  37  4:04  Supply Depot  
  37  4:07  Marine, Barracks Tech Lab  
  38  4:14  SCV x2  
  40  4:17  Refinery  
  40  4:22  Marine  
  40  4:23  Marine  
  42  4:26  Supply Depot  
  42  4:36  Marine x2  
  44  4:40  Marine  
  44  4:41  Marine  
  44  4:42  Stimpack  
  46  4:50  Supply Depot  
  46  4:54  Marine x2  
  46  4:56  SCV  
  46  4:57  SCV  
  46  4:58  Marine x2  
  52  5:11  Marine  
  52  5:12  Marine  
  51  5:35  Marine x3  
  53  5:37  Marine  
  55  5:46  SCV x2  
  57  5:53  Marine x3  
  57  5:55  Marine, Supply Depot  
  61  5:58  SCV x2  
  61  6:00  Medivac x2  
  61  6:01  Factory Tech Lab  
  67  6:10  Marine, SCV x2  
  70  6:19  Marine x2  
  70  6:20  Marine  
  70  6:22  SCV, Supply Depot  
  70  6:23  Supply Depot  
  75  6:26  Refinery  
  75  6:27  Refinery  
  75  6:30  Orbital Command  
  74  6:34  SCV  
  74  6:38  Engineering Bay  
  75  6:46  SCV  
  76  6:48  Marine x3  
  76  6:49  Marauder  
  81  6:54  Supply Depot  
  81  7:00  Barracks  
  81  7:04  Barracks  
  81  7:05  Marine x2  
  81  7:34  Command Center  
  81  7:40  Marine x4  
  84  7:58  Marine x3  
  87  8:07  Marine  
  87  8:08  SCV  
  76  8:15  Marine x2  
  76  8:16  Marine  
  72  8:20  SCV  
  72  8:32  Marine  
  76  8:38  Missile Turret  
Show
View Real Time Build Order
Export as new Build Order

Fropez Protoss - Winner!

Build Orders: 1 Gate Expand 

Get SALT Encoding   

  12  0:14  Pylon  
  12  0:15  Probe (Chrono Boost)  
  13  0:29  Probe (Chrono Boost)  
  14  0:37  Gateway  
  14  0:40  Probe (Chrono Boost)  
  15  1:15  Probe (Chrono Boost)  
  15  1:17  Pylon  
  16  1:25  Nexus, Probe (Chrono Boost)  
  17  1:34  Pylon  
  17  1:36  Probe (Chrono Boost)  
  18  1:42  Assimilator  
  19  1:54  Probe (Chrono Boost)  
  19  2:01  Cybernetics Core  
  19  2:03  Pylon  
  19  2:05  Probe (Chrono Boost)  
  20  2:24  Probe (Chrono Boost)  
  20  2:25  Gateway  
  21  2:34  Assimilator  
  21  2:37  Probe (Chrono Boost)  
  21  2:39  Warp Gate (Chrono Boost)  
  21  2:42  Adept  
  24  2:44  Probe  
  24  2:53  Assimilator  
  24  3:03  Probe  
  26  3:05  Assimilator  
  26  3:11  Mothership Core  
  27  3:24  Probe  
  28  3:35  Twilight Council  
  28  3:38  Probe  
  28  3:39  Pylon, Probe  
  30  3:47  Adept x2  
  34  4:02  Probe  
  35  4:03  Probe  
  35  4:05  Gateway  
  36  4:15  Dark Shrine  
  36  4:16  Probe  
  37  4:22  Probe  
  37  4:23  Pylon  
  38  4:32  Pylon  
  38  4:36  Resonating Glaives (Chrono Boost)  
  38  4:49  Probe  
  38  4:50  Probe, Robotics Facility  
  37  5:28  Adept x2  
  37  5:29  Adept  
  41  5:41  Warp Prism  
  43  5:49  Dark Templar x3  
  49  5:54  Probe x2  
  51  6:13  Probe x2  
  51  6:15  Gateway  
  53  6:28  Dark Templar x2  
  57  6:34  Probe  
  58  6:40  Gateway  
  58  6:41  Probe  
  59  6:50  Dark Templar  
  55  7:34  Dark Templar x3  
  55  7:35  Dark Templar  
  63  7:47  Immortal  
  67  7:54  Probe x2, Gateway  
  67  7:55  Pylon  
  69  8:04  Pylon  
  62  8:36  Adept x4  
  62  8:37  Adept  
  68  8:47  Pylon  
  68  8:49  Pylon  
Tags
 
Matchup
PvT
Replay Pack
All Mines
Spawn Locations
Cross Positions
Add a new tag
Caveats
  • Supply blocks, unpowered buildings, or Contaminate may cause inaccurate times.
  • Supply counts are checked every 10 seconds.